 Dungeon Crawl Stone Soup version 0.21.1-1-g345015fe64 (webtiles) character file.

15181 Oravi the Martial Artist (level 12, -8/89 HPs)
             Began as a Merfolk Transmuter on Apr 17, 2018.
             Was an Elder of Qazlal.
             Killed from afar by a battlesphere (18 damage)
             ... created by a deep elf mage
             ... on level 12 of the Dungeon.
             The game lasted 00:48:26 (11566 turns).

Oravi the Martial Artist (Merfolk Transmuter)      Turns: 11566, Time: 00:48:27

Health: -8/89      AC:  2    Str: 10    XL:     12   Next: 24%
Magic:  14/15      EV: 32    Int: 18    God:    Qazlal [****..]
Gold:   632        SH:  5    Dex: 24    Spells: 1/15 levels left

rFire    + . .     SeeInvis .     - Unarmed
rCold    . . .     Gourm    .   (shield currently unavailable)
rNeg     . . .     Faith    .   (armour currently unavailable)
rPois    x         Spirit   .   (helmet currently unavailable)
rElec    .         Reflect  .   (cloak currently unavailable)
rCorr    .         Harm     .   (gloves currently unavailable)
MR       .....                  (boots currently unavailable)
Stlth    +.........             G - amulet of regeneration
HPRegen  0.64/turn              i - +5 ring of dexterity
MPRegen  0.14/turn              K - ring of protection from fire

@: spider-form, repel missiles
A: tiny, (change form in water), (swift swim), (stealthy swim), robust 1
a: End Transformation, Upheaval, Elemental Force, Renounce Religion


You were on level 12 of the Dungeon.
You worshipped Qazlal.
Qazlal was greatly pleased with you.
You were not hungry.
You were a venomous arachnid creature.
You visited 2 branches of the dungeon, and saw 14 of its levels.

You collected 632 gold pieces.

Inventory:

Missiles
 a - 298 arrows
Armour
 b - a +1 robe (melded)
 E - a +0 pair of gloves (melded)
Magical Staves
 s - an uncursed staff of summoning
 w - an uncursed staff of earth
 y - an uncursed staff of air
Jewellery
 i - a +5 ring of dexterity (left front leg)
 n - an uncursed ring of resist corrosion
 D - an uncursed ring of flight
 G - an amulet of regeneration (around neck)
 I - an uncursed ring of protection from cold
 K - a ring of protection from fire (right front leg)
Wands
 r - a wand of random effects (64)
 v - a wand of iceblast (9)
 C - a wand of scattershot (1)
 F - a wand of acid (9)
Scrolls
 e - 4 scrolls of amnesia
 h - a scroll of enchant weapon
 k - 6 scrolls of teleportation
 o - a scroll of fear
 p - 4 scrolls of remove curse
 t - 3 scrolls of enchant armour
 u - 2 scrolls of blinking
 B - 3 scrolls of magic mapping
Potions
 f - a potion of agility
 g - a potion of berserk rage
 j - 4 potions of curing
 l - a potion of brilliance
 m - 2 potions of flight
 q - 2 potions of might
 x - 3 potions of ambrosia
 z - a potion of invisibility
 H - a potion of cancellation
Books
 c - a book of Changes

   Spells                             Type                      Level
   a - Beastly Appendage              Transmutation                1
   b - Sticks to Snakes               Transmutation                2
   c - Spider Form                    Transmutation/Poison         3
   d - Ice Form                       Ice/Transmutation            4
   e - Blade Hands                    Transmutation                5
Comestibles
 d - 23 rations
 J - 15 chunks of flesh


   Skills:
 + Level 3.0 Fighting
 * Level 10.4 Dodging
 + Level 14.0 Unarmed Combat
 - Level 2.0 Spellcasting
 * Level 12.4 Transmutations
 * Level 4.0 Ice Magic
 - Level 5.0 Poison Magic
 * Level 4.6 Invocations


You had one spell level left.
You knew the following spells:

 Your Spells              Type           Power        Failure   Level  Hunger
a - Ice Form              Ice/Tmut       ####....     17%         4    #####..
b - Sticks to Snakes      Tmut           #####...     1%          2    ###....
c - Spider Form           Tmut/Pois      ####......   7%          3    ###....
d - Blade Hands           Tmut           #####.....   11%         5    ######.


Dungeon Overview and Level Annotations

Branches:
Dungeon (13/15)            Temple (1/1) D:6            Lair (0/6) D:9
    Orc (0/2) D:12
 Vaults: D:13-14

Altars:
Ashenzari
Cheibriados
Dithmenos
Elyvilon
Fedhas
Gozag
Hepliaklqana
Kikubaaqudgha
Makhleb
Nemelex Xobeh
Okawaru
Qazlal
Ru
Sif Muna
Trog
Uskayaw
Vehumet
Wu Jian
Xom
Yredelemnul
Zin
The Shining One
Beogh

Shops:
D:8 (   D:9 [

Annotations:
D:4 KleinerIrrer's ghost, amateur OpTm
D:9 DildoBatman's ghost, novice FoEn
D:13 Oravi's ghost, journeyman MfTm


Innate Abilities, Weirdness & Mutations

((You revert to your normal form in water.))
((You are very nimble and swift while swimming.))
((You are very stealthy in the water. (Stealth+)))
You are robust. (+10% HP)


Message History

* * * LOW HITPOINT WARNING * * *
You bite the deep elf mage!
The deep elf mage is heavily wounded.
The deep elf mage casts a spell.
The deep elf mage conjures a globe of magical energy!
A battlesphere comes into view.
You barely miss the deep elf mage.
The deep elf mage is heavily wounded.
You closely miss the deep elf mage.
The deep elf mage is heavily wounded.
The deep elf mage completely misses you.
You bite the deep elf mage!
The deep elf mage looks as sick as possible!
The deep elf mage is severely wounded.
The deep elf mage points at you and mumbles some strange words.
The orb of energy hits you!
* * * LOW HITPOINT WARNING * * *
The orb of energy explodes!
The battlesphere fires!
The barrage of energy hits you!
You die...

......#.)....#.......#...........
......#......#.......#...........
......#......#.......#...........
......#......#.......#...........
......#......#.......#...........
......#......#.......#...........
......#......#§..§...#...........
......#......#...§...#...........
#.#######....#..se.###..#########
.)......#....#..§÷§.....#........
........#....#§.§.§.....#........
........#....#.*........#........
........#....#..........'....)...
........#....#..........#.......)
###.....#....#[.........#..)...()
........#....#..........#.))...).
..#.....####.############'#(.....


You could see a deep elf mage and a battlesphere.

Vanquished Creatures
  5 two-headed ogres
  A deep elf mage (D:12)
  An ugly thing (D:12)
  2 trolls
  2 hippogriffs
  A hippogriff (shapeshifter) (D:11)
  A shadow (D:12)
  6 wraiths
  11 yaks
  A hungry ghost (D:7)
  The ghost of Oravi the Vandal, an amateur HaHu (D:3)
  A water moccasin (D:11)
  3 orc warriors
  An ice beast (D:8)
  10 sky beasts
  A black bear (D:9)
  A necrophage (D:9)
  6 centaurs
  7 ogres
  A phantom (D:11)
  3 eyes of draining
  2 crocodiles
  2 big kobolds
  7 bullfrogs
  2 wyvern zombies
  5 scorpions
  2 wyvern skeletons
  9 killer bees
  7 wights (D:11)
  6 howler monkeys
  6 crimson imps
  2 centaur zombies
  6 hounds
  A bullfrog zombie (D:10)
  8 jellies
  5 iguanas
  7 orc priests
  11 orc wizards
  2 bullfrog skeletons
  12 worker ants
  2 hound zombies
  A worker ant zombie (D:9)
  12 adders
  2 shadow imps
  5 oozes (D:8)
  An adder zombie (D:5)
  An adder skeleton (D:4)
  A worm (D:2)
  A dart slug (D:4)
  5 leopard geckos
  57 orcs
  4 ball pythons
  6 giant cockroaches
  7 hobgoblins
  13 jackals
  17 kobolds
  8 quokkas
  6 bats
  10 frilled lizards
  7 goblins
  A jackal skeleton (D:4)
  A jackal zombie (D:5)
  A quokka skeleton (D:9)
  6 rats
343 creatures vanquished.

Vanquished Creatures (collateral kills)
  The ghost of Oravi the Slinger, a novice HaHu of Okawaru (D:7)
  A worker ant (D:7)
  An adder (D:7)
3 creatures vanquished.

Vanquished Creatures (others)
  8 fungi (D:9)
  A plant (D:9)
9 creatures vanquished.

Grand Total: 355 creatures vanquished

Notes
Turn   | Place    | Note
-------+----------+-------------------------------------------
     0 | D:1      | Oravi the Merfolk Transmuter began the quest for the Orb.
     0 | D:1      | Reached XP level 1. HP: 15/15 MP: 3/3
   210 | D:1      | Reached XP level 2. HP: 21/21 MP: 1/5
  1095 | D:1      | Learned a level 2 spell: Sticks to Snakes
  1138 | D:2      | Found a shadowy altar of Dithmenos.
  1191 | D:2      | Reached XP level 3. HP: 23/26 MP: 4/6
  1197 | D:2      | Learned a level 3 spell: Spider Form
  1654 | D:2      | Reached skill level 4 in Unarmed Combat
  1654 | D:2      | Reached XP level 4. HP: 32/32 MP: 2/7
  2270 | D:3      | Reached skill level 1 in Poison Magic
  2458 | D:3      | Reached XP level 5. HP: 37/37 MP: 1/8
  2562 | D:3      | Found a bloodstained altar of Trog.
  2910 | D:3      | Noticed Oravi's ghost (amateur HaHu)
  2926 | D:3      | Killed Oravi's ghost
  2926 | D:3      | Reached skill level 5 in Transmutations
  2926 | D:3      | Reached XP level 6. HP: 19/43 MP: 5/9
  3102 | D:4      | Noticed KleinerIrrer's ghost (amateur OpTm)
  3508 | D:4      | Reached skill level 5 in Unarmed Combat
  3743 | D:4      | Reached XP level 7. HP: 48/48 MP: 6/10
  4327 | D:5      | Entered Level 5 of the Dungeon
  4371 | D:5      | Found an iron altar of Okawaru.
  4423 | D:5      | Found an iron altar of Okawaru.
  4437 | D:5      | Gained mutation: You are robust. (+10% HP) [potion of mutation]
  4437 | D:5      | Lost mutation: You are robust. (+10% HP) [potion of mutation]
  4437 | D:5      | Gained mutation: You are robust. (+10% HP) [potion of mutation]
  4464 | D:5      | Found a shattered altar of Ashenzari.
  4466 | D:5      | Found a radiant altar of Vehumet.
  4533 | D:5      | Found a shimmering altar of Xom.
  4568 | D:5      | Reached skill level 6 in Unarmed Combat
  4669 | D:5      | HP: 1/52 [sky beast (6)]
  4677 | D:5      | Reached XP level 8. HP: 20/59 MP: 9/11
  4681 | D:5      | Reached skill level 5 in Dodging
  4912 | D:5      | Found a burning altar of Makhleb.
  5089 | D:6      | Reached skill level 7 in Unarmed Combat
  5155 | D:6      | Reached skill level 5 in Poison Magic
  5422 | D:6      | Reached skill level 8 in Unarmed Combat
  5428 | D:6      | Found a staircase to the Ecumenical Temple.
  5436 | Temple   | Entered the Ecumenical Temple
  5467 | Temple   | Became a worshipper of Qazlal Stormbringer
  5536 | D:6      | Reached XP level 9. HP: 55/67 MP: 9/12
  5553 | D:6      | Found an ancient bone altar of Kikubaaqudgha.
  5668 | D:6      | Found an iron altar of Okawaru.
  6036 | D:7      | Reached skill level 9 in Unarmed Combat
  6112 | D:7      | Noticed Oravi's ghost (novice HaHu)
  6139 | D:7      | Killed Oravi's ghost
  6231 | D:7      | Reached skill level 10 in Unarmed Combat
  6306 | D:8      | Reached * piety under Qazlal
  6594 | D:8      | Noticed a two-headed ogre
  6607 | D:8      | Reached XP level 10. HP: 35/74 MP: 10/13
  6614 | D:8      | Killed a two-headed ogre
  6614 | D:8      | Reached skill level 10 in Transmutations
  6908 | D:8      | Reached skill level 11 in Unarmed Combat
  6944 | D:8      | Found a deep blue altar of Sif Muna.
  6949 | D:8      | Noticed a two-headed ogre
  6967 | D:8      | Killed a two-headed ogre
  7238 | D:8      | Noticed a two-headed ogre
  7251 | D:8      | Killed a two-headed ogre
  7287 | D:8      | Found Jeijie's Antique Weapon Emporium.
  7643 | D:8      | Noticed a two-headed ogre
  7650 | D:8      | Killed a two-headed ogre
  7650 | D:8      | Reached skill level 12 in Unarmed Combat
  7683 | D:8      | Learned a level 4 spell: Ice Form
  7857 | D:9      | Reached XP level 11. HP: 72/81 MP: 11/14
  7877 | D:9      | Reached skill level 1 in Invocations
  7892 | D:9      | Reached ** piety under Qazlal
  8021 | D:9      | Noticed DildoBatman's ghost (novice FoEn)
  8122 | D:9      | Reached skill level 1 in Ice Magic
  8511 | D:9      | Found a staircase to the Lair.
  8546 | D:9      | Found Roywex's Armour Shop.
  8629 | D:10     | Entered Level 10 of the Dungeon
  8662 | D:10     | Noticed a two-headed ogre
  8678 | D:10     | Killed a two-headed ogre
  9030 | D:10     | Reached *** piety under Qazlal
  9180 | D:10     | Learned a level 5 spell: Blade Hands
  9370 | D:11     | Reached skill level 13 in Unarmed Combat
  9657 | D:11     | Reached skill level 10 in Dodging
  9730 | D:11     | Found the +5 scythe "Finisher" {speed, Str+3}
  9754 | D:11     | Reached **** piety under Qazlal
 10878 | D:12     | Reached XP level 12. HP: 88/88 MP: 11/15
 10981 | D:12     | Found a staircase to the Orcish Mines.
 11014 | D:12     | Found a roughly hewn altar of Beogh.
 11424 | D:13     | Noticed Oravi's ghost (journeyman MfTm)
 11442 | D:12     | Reached skill level 14 in Unarmed Combat
 11566 | D:12     | Killed from afar by a battlesphere

Skill      XL: |  1  2  3  4  5  6  7  8  9 10 11 12 |
---------------+-------------------------------------+-----
Transmutations | 3 4 5 6 7 9 11 12 | 12.4
Dodging        | 3 4 6 7 9 10 | 10.4
Unarmed Combat | 4 5 6 8 10 12 13 14 | 14.0
Poison Magic   | 1 3 4 5 |  5.0
Fighting       | 2 3 |  3.0
Invocations    | 4 |  4.6
Ice Magic      | 3 4 |  4.0
Spellcasting   | |  2.0

Action                   |  1- 3 |  4- 6 |  7- 9 | 10-12 || total
-------------------------+-------+-------+-------+-------++-------
Melee: Unarmed           |   116 |   146 |   316 |   584 ||  1162
       Headbutt          |    13 |     2 |       |       ||    15
       Punch             |       |     1 |       |     3 ||     4
 Cast: Beastly Appendage |    19 |     2 |       |       ||    21
       Spider Form       |     5 |    26 |    30 |    50 ||   111
       Sticks to Snakes  |       |     3 |     5 |     5 ||    13
 Abil: End Transformatio |       |       |       |     1 ||     1
  Use: Scroll            |       |     9 |    10 |     8 ||    27
       Potion            |       |       |     4 |     2 ||     6
 Stab: Sleeping          |       |     3 |     2 |       ||     5
       Distracted        |       |       |       |     1 ||     1
  Eat: Chunk             |     4 |    10 |    16 |    20 ||    50
       Ration            |       |       |       |     1 ||     1
Armor: Robe              |    14 |     4 |     1 |     4 ||    23
       Skin              |     1 |     2 |    11 |     6 ||    20
Dodge: Dodged            |    79 |    99 |   322 |   426 ||   926
       Deflected         |       |       |       |     1 ||     1
Block: Other             |       |       |       |    77 ||    77
